 Dungeon Crawl Stone Soup version 0.18-b1-20-g17449fe (webtiles) character file.

134 LORDOFBUTT the Sneak (level 4, -9/21 HPs)
             Began as a Spriggan Enchanter on May 2, 2016.
             Killed from afar by an orc wizard (11 damage)
             ... with a puff of frost
             ... on level 3 of the Dungeon.
             The game lasted 00:04:48 (2572 turns).

LORDOFBUTT the Sneak (Spriggan Enchanter)           Turns: 2572, Time: 00:04:48

Health: -9/21      AC:  4    Str:  4    XL:     4   Next: 95%
Magic:  10/10      EV: 19    Int: 16    God:
Gold:   118        SH:  0    Dex: 17    Spells: 1 memorised, 9 levels left

rFire  + . .     SeeInvis +     f - +1 dagger (venom)
rCold  . . .     Gourm    .     b - +2 robe
rNeg   . . .     Faith    .     (shield restricted)
rPois  .         Spirit   .     (helmet restricted)
rElec  .         Dismiss  .     (no cloak)
rCorr  .         Reflect  .     (gloves unavailable)
SustAt .         Harm     .     (boots unavailable)
MR     .....                    (no amulet)
Stlth  +++.......               i - ring of loudness (curse)
                                g - ring of protection from fire

@: very quick, not resistant to hostile enchantments, fairly stealthy
A: unfitting armour, see invisible, herbivore 3, speed 3, slow metabolism 2
a: no special abilities


You were on level 3 of the Dungeon.
You were not hungry.

You visited 1 branch of the dungeon, and saw 3 of its levels.

You collected 118 gold pieces.

Inventory:

Hand Weapons
 f - a +1 dagger of venom (weapon)
Armour
 b - a +2 robe (worn)
Jewellery
 e - an uncursed amulet of rage
 g - a ring of protection from fire (left hand)
 i - a cursed ring of loudness (right hand)
 n - an uncursed ring of poison resistance {unknown}
Scrolls
 k - a scroll of fear
Potions
 h - 2 potions of might
 j - 2 potions of ambrosia {unknown}
 l - 2 potions of berserk rage {unknown}
 m - a potion of degeneration {unknown}
Books
 c - a book of Maledictions

   Spells                             Type                      Level
   a - Corona                         Hexes                        1
   b - Ensorcelled Hibernation        Hexes/Ice                    2
   c - Confuse                        Hexes                        3
   d - Tukima's Dance                 Hexes                        3
   e - Dazzling Spray                 Conjuration/Hexes            3
Comestibles
 a - 2 fruits
 d - 2 bread rations


   Skills:
 + Level 0.5 Fighting
 * Level 2.0 Short Blades
 + Level 3.6 Dodging
 * Level 6.2 Stealth
 * Level 3.5 Spellcasting
 * Level 4.4 Hexes


You had 9 spell levels left.
You knew the following spells:

 Your Spells              Type           Power        Failure   Level  Hunger
a - Corona                Hex            ###....      3%          1    None


Dungeon Overview and Level Annotations

Branches:
Dungeon (3/15)

Altars:
Nemelex Xobeh
Vehumet


Innate Abilities, Weirdness & Mutations

You are tiny and cannot use many weapons and most armour.
You have supernaturally acute eyesight.
You are a herbivore.
You cover ground extremely quickly.
You need consume almost no food.


Message History

You hit the orc wizard but do no damage.
The orc wizard is poisoned.
You kill the orc!
The orc wizard closely misses you.
You miss the orc wizard. The orc wizard hits you with a dagger.
The worker ant zombie misses you.
The orc wizard hits you but does no damage.
You hit the worker ant zombie. The orc wizard hits you with a dagger.
* * * LOW HITPOINT WARNING * * *
The worker ant zombie barely misses you.
You hit the worker ant zombie.
The orc wizard hits you but does no damage.
The worker ant zombie misses you.
The orc wizard gestures at you while chanting.
The puff of flame hits you! You resist.
* * * LOW HITPOINT WARNING * * *
The orc wizard gestures at you while chanting.
The puff of frost hits you!
Ouch! That really hurt!
You die...

#.#.#............
#(#.#............
#.#.#............
#.#.#............
#.#.#)......##...
#.#.#.......# >..
#.#.#.......# '#
#.#.#.......#
###.#.#@..†...#
#...#.#.......#
#.###.#Z......# #.#
#.#)o.....# #.#
#.#.......# #.#
#.#......... #.#
#.#.######.........
#.###.#.#
#........<
#(....#.#
#.........


You could see an orc wizard (invisible) and a worker ant zombie.

Vanquished Creatures
  Terence (D:2)
  3 adders
  A worm (D:3)
  A dart slug (D:2)
  8 orcs (D:3)
  4 giant cockroaches
  10 goblins
  5 hobgoblins (D:1)
  7 jackals
  A ball python (D:3)
  4 bats
  A giant newt (D:1)
  6 kobolds
  16 rats
  A plant (D:2)
69 creatures vanquished.

Notes
Turn   | Place    | Note
--------------------------------------------------------------
     0 | D:1      | LORDOFBUTT the Spriggan Enchanter began the quest for the Orb.
     0 | D:1      | Reached XP level 1. HP: 9/9 MP: 5/5
    86 | D:1      | Reached XP level 2. HP: 13/13 MP: 6/6
   336 | D:1      | Reached skill level 5 in Stealth
   577 | D:1      | Reached XP level 3. HP: 7/16 MP: 6/8
   957 | D:2      | Noticed Terence
   978 | D:2      | Killed Terence
  1175 | D:2      | Reached XP level 4. HP: 17/21 MP: 9/9
  1176 | D:2      | Reached skill level 6 in Stealth
  1648 | D:3      | Found a radiant altar of Vehumet.
  2324 | D:3      | Found a sparkling altar of Nemelex Xobeh.
  2572 | D:3      | Killed from afar by an orc wizard

Skill      XL: |  1  2  3  4 |
---------------+-------------+-----
Hexes          | 4 |  4.4
Stealth        | 5 6 |  6.2
Spellcasting   | 3 |  3.5
Short Blades   | 2 |  2.0
Fighting       | |  0.5
Dodging        | |  3.6

Action                   |  1- 3 |  4- 6 || total
-------------------------+-------+-------++-------
Melee: Dagger            |   102 |   112 ||   214
  Use: Scroll            |     2 |     1 ||     3
 Stab: Sleeping          |    10 |     2 ||    12
Armor: Robe              |     8 |     6 ||    14
Dodge: Dodged            |    65 |   104 ||   169
